 Dungeon Crawl Stone Soup version 0.30-a0-172-gc5509c9e31 (webtiles) character file.

Game seed: 13289217163852112041

3297 ytrimaz the Transmogrifier (level 10, 0/69 HPs)
             Began as an Octopode Transmuter on Oct 1, 2022.
             Slain by a troll (12 damage)
             ... on level 7 of the Dungeon.
             The game lasted 00:12:43 (8499 turns).

ytrimaz the Transmogrifier (Octopode Transmuter)    Turns: 8499, Time: 00:12:43

Health: 0/69       AC:  9    Str:  9    XL:     10   Next: 1%
Magic:  20/22      EV: 10    Int: 20    God:
Gold:   94         SH:  0    Dex: 13    Spells: 16/25 levels left

rFire   x . .      SeeInvis .      - Unarmed
rCold   + + +      Faith    .    (shield currently unavailable)
rNeg    . . .      Spirit   .    (helmet currently unavailable)
rPois   +          Reflect  .    p - amulet of the acrobat
rElec   .          Harm     .    (no ring)
rCorr   .          Rampage  .    (no ring)
Will    .....                    (no ring)
Stlth   +.........               (no ring)
HPRegen 0.31/turn                (no ring)
MPRegen 0.18/turn                (no ring)
                                 (no ring)
                                 (no ring)

@: ice-form
A: freezing attack, boosted hp, almost no armour, amphibious, 8 rings, large,
(camouflage 1), (gelatinous body 1), (nimble swimmer 1), (tentacles)
a: End Transformation


You were on level 7 of the Dungeon.
You were a creature of crystalline ice.
You visited 2 branches of the dungeon, and saw 9 of its levels.

You collected 510 gold pieces.
You spent 416 gold pieces at shops.


Innate Abilities, Weirdness & Mutations

You are a creature of crystalline ice.
You have a powerful freezing melee attack.
Your maximum health is increased.
Your armour is entirely melded.
You are incapable of wielding weapons or throwing items.
You cannot wear most types of armour.
You are amphibious.
You can wear up to eight rings at the same time.
((Your skin changes colour to match your surroundings (Stealth+).))
((Your rubbery body absorbs attacks. (AC +1, EV +1)))
((You are camouflaged when in or above water. (Stealth+)))
((You have tentacles for arms and can constrict up to eight enemies at once.))


   Skills:
 - Level 1.0 Fighting
 - Level 2.0 Dodging
 - Level 3.0 Unarmed Combat
 + Level 8.4 Spellcasting
 + Level 9.2 Transmutations
 - Level 4.0 Ice Magic
 - Level 4.0 Poison Magic


You had 16 spell levels left.
You knew the following spells:

 Your Spells              Type           Power      Damage    Failure   Level
b - Wereblood             Tmut           45%        N/A       1%          2
c - Spider Form           Tmut/Pois      34%        N/A       1%          3
d - Ice Form              Ice/Tmut       34%        N/A       5%          4

Your spell library contained the following spells:

 Spells                   Type           Power      Damage    Failure   Level
 Beastly Appendage        Tmut           90%        N/A       1%          1
 Blink                    Tloc           16%        N/A       12%         2
 Gell's Gravitas          Tloc           8%         N/A       24%         3
 Lesser Beckoning         Tloc           8%         N/A       24%         3
 Teleport Other           Tloc           8%         N/A       24%         3
 Manifold Assault         Tloc           8%         N/A       63%         4
 Storm Form               Tmut/Air       13%        N/A       100%        7

Inventory:

Jewellery
 m - an amulet of faith
   (You found it on level 5 of the Dungeon)
 p - an amulet of the acrobat (around neck)
   (You found it on level 7 of the Dungeon)
Wands
 n - a wand of iceblast (11)
   (You found it on level 7 of the Dungeon)
Scrolls
 e - 2 scrolls of enchant armour
 f - 4 scrolls of blinking
 j - 4 scrolls of teleportation
 l - a scroll of noise
Potions
 a - a potion of haste {unknown}
 b - 2 potions of attraction
 c - a potion of resistance
 d - 4 potions of curing
 g - 2 potions of magic {unknown}
 h - 3 potions of flight
 i - 3 potions of mutation
 k - 2 potions of heal wounds
 o - a potion of brilliance
 q - a potion of ambrosia {unknown}

Dungeon Overview and Level Annotations

Branches:
Dungeon (8/15) Zot: 26921  Temple (1/1) D:7 Zot: 5846
   Lair: D:8-11

Altars:
Ashenzari
Cheibriados
Dithmenos
Elyvilon
Fedhas
Hepliaklqana
Kikubaaqudgha
Makhleb
Nemelex Xobeh
Okawaru
Qazlal
Ru
Sif Muna
Trog
Uskayaw
Vehumet
Wu Jian
Xom
Yredelemnul
Zin
The Shining One

Shops:
D:6 :   D:7 :

Annotations:
D:4 1 runed translucent door, KennySheep's ghost, weakling NaDe

#....###.##.# #.# #...#..#.
#.....##.##.#######.#####...##.#.
#........................#+###.).
#..........##[##.#######.#.# ###.
#..#.#..###....#.#Py .P#.#.# #.
#..#.......#.##..#l#+#.#...## #.
#(.####.#...####.#.#[#.#....####.
#..#.#.#.##.###..#.###T#...^+....
#..##..##.####..Y# ...P#....#####
#...#........###T###'###..[.#####
#...####....#..#............##...
#..#.####..#.##.##.###.#....##...
#...?.....#.#..#...##.#.....##...
#...###.##.#.#####..####....##...
#..)......#..#....#.#.)#....##...
#...##.###...##.##..#.##[#####...
#..........#####........[#####...


You could see a troll.


Message History

You kill the orc! 😕 HP[+1]
Things that are here:
a +0 short sword; an orc corpse Unknown command. 😕 MP[+1]
Casting: Ice Form (dangerous; 5% risk of failure)
Confirm with . or Enter, or press ? or * to list all spells.
Okay, then.
Okay, then.
Adjust (i)tems, (s)pells, or (a)bilities?
Adjust which spell?
Okay, then.
Search for what [Enter for "goz", or ? for help]? goz Can't find anything matching that.
Unknown command.
As you read the scroll of identify, it crumbles to dust.
o - a potion of brilliance Unknown command.
Okay, then.
Search for what [Enter for "goz", or ? for help]? atla
Things that are here:
a +0 short sword; an orc corpse
There is an open door here.
There is a stone staircase leading up here.
You climb upwards.
There is a stone staircase leading down here.
There is an entrance to Pear's Book Shop here. 😎 HP[+2] MP[+3]
Your hp is fully restored (69).
Your mp is fully restored (22).
You pick up an Inescapable Atlas and begin reading...
You add the spells Blink, Manifold Assault and Storm Form to your library.
Thank you for shopping at Pear's Book Shop!
There is a stone staircase leading down here.
You climb downwards.
There is a stone staircase leading up here.
Okay, then.
Okay, then.
Okay, then.
There is an open door here.
There is a stone staircase leading down here.
You climb downwards.
There is a stone staircase leading up here.
You climb upwards.
There is a stone staircase leading down here.
Your transformation is almost over.
You warm up again.
Key pressed, stopping explore.
You open the door.
There is an open door here.
Key pressed, stopping explore.
You see here a +0 leather armour.
You open the door.
A vampire mosquito, a troll and a komodo dragon come into view. 😎 HP[-11]
You now have 58 max hp (-11).
There are monsters nearby!
Unknown command.
There are monsters nearby!
Unknown command.
Casting: Ice Form (dangerous; 5% risk of failure)
Confirm with . or Enter, or press ? or * to list all spells.
You don't know that spell.
Casting: Ice Form (dangerous; 5% risk of failure)
Confirm with . or Enter, or press ? or * to list all spells.
You turn into a creature of crystalline ice. 😎 HP[+11] MP[-4]
You now have 69 max hp (+11).
Your hp is fully restored (69).
You lost 4 mp, and now have 18/22 mp. 😎 MP[+1]
The troll completely misses you. The troll claws you.
The troll closely misses you. 😕 HP[-1]
You take 1 damage, and now have 68/69 hp. 😎 HP[+1]
Your hp is fully restored (69).
You punch the troll! You freeze the troll. The troll bites you!
The troll claws you!
The troll claws you but does no damage. 😮 HP[-23]
You take 23 damage, and now have 46/69 hp.
MASSIVE DAMAGE!! (PAUSE)
You hit the troll. You freeze the troll. The troll bites you!
The troll claws you!
* * * LOW HITPOINT WARNING * * *
The troll claws you but does no damage. 😨 HP[-19]
You take 19 damage, and now have 27/69 hp.
MASSIVE DAMAGE!! (PAUSE)
You hit the troll. You freeze the troll. The troll bites you!
* * * LOW HITPOINT WARNING * * *
The troll claws you but does no damage. The troll claws you.
* * * LOW HITPOINT WARNING * * *
😱 HP[-15] MP[+1]
You take 15 damage, and now have 12/69 hp.
MASSIVE DAMAGE!! (PAUSE)
You hit the troll. You freeze the troll. The troll misses you.
The troll claws you but does no damage. x2
Unknown command.
You hit the troll but do no damage. The troll bites you!
You die...

Skill      XL: |  1  2  3  4  5  6  7  8  9 |
---------------+----------------------------+-----
Poison Magic   | 1 3 4 |  4.0
Ice Magic      | 1 2 4 |  4.0
Spellcasting   | 3 4 6 8 |  8.4
Transmutations | 3 5 7 9 |  9.2
Fighting       | |  1.0
Dodging        | |  2.0
Unarmed Combat | |  3.0

Action                   |  1- 3 |  4- 6 |  7- 9 | 10-12 || total
-------------------------+-------+-------+-------+-------++-------
Melee: Unarmed           |    75 |   113 |   298 |     7 ||   493
       Constrict         |    22 |    20 |     2 |       ||    44
       Tentacles         |    19 |    23 |     1 |       ||    43
       Kick              |     9 |     8 |       |       ||    17
       Punch             |     2 |     8 |       |       ||    10
 Cast: Beastly Appendage |    12 |     6 |       |       ||    18
       Spider Form       |       |     4 |    10 |       ||    14
       Wereblood         |       |       |     6 |       ||     6
       Ice Form          |       |       |    23 |     2 ||    25
  Use: Scroll            |     7 |     5 |     4 |     2 ||    18
       Potion            |       |     1 |     5 |       ||     6
 Stab: Sleeping          |     4 |     5 |     1 |       ||    10
       Distracted        |     1 |       |       |       ||     1
       Invisible         |       |       |     3 |       ||     3
Armor: Skin              |    13 |    25 |   123 |     5 ||   166
Dodge: Dodged            |    50 |    84 |   185 |     4 ||   323

Levels and vault maps discovered:
D:1:      tarquinn_simple_flora_water_a, layout_rooms
D:2:      layout_basic, chequers_ecumenical_altar_simple_redux
D:3:      minmay_door_path, layout_loops_ring, lemuel_zombie_altar_yredelemnul,
          grunt_temple_overflow_open
D:4:      layout_basic, hellmonk_ghost_happy_afterlife, minmay_pentangle,
          uniq_eustachio
D:5:      layout_basic, lemuel_crystal_altar
D:6:      layout_layer_cave, mainiacjoe_overflow_concentric_impassable,
          serial_shops, shop, uniq_crazy_yiuf_cottage, uniq_duvessa,
          uniq_edmund, uniq_sigmund, uniq_prince_ribbit1
D:7:      layout_basic, chei_slow_surprise, grunt_temple_overflow_bloody_war,
          minmay_temple_entry_enclosed_plants, nicolae_shop_i_like_big_books,
          minmay_shattered_shrine
D:8:      minmay_bloctagon, layout_cave_pools, grunt_gozag_breadcrumbs,
          special_room [special_room_orc], nicolae_elemental_shop
Temple:   hellmonk_temple_forest_ring

Notes
Turn   | Place    | Note
-------+----------+-------------------------------------------
     0 | D:1      | ytrimaz the Octopode Transmuter began the quest for the
                  | Orb.
     0 | D:1      | Reached XP level 1. HP: 13/13 MP: 3/3
     0 | D:1      | magus.rc [v1.9.6]
    62 | D:1      | Reached skill level 1 in Poison Magic
    78 | D:1      | You pick up a book of Displacement and begin reading...
    78 | D:1      | You add the spells Lesser Beckoning, Gell's Gravitas and
                  | Teleport Other to your library.
   118 | D:1      | Reached XP level 2. HP: 12/18 MP: 3/5
   157 | D:1      | Reached skill level 2 in Poison Magic
   691 | D:2      | Reached skill level 3 in Poison Magic
   691 | D:2      | Reached XP level 3. HP: 14/23 MP: 4/6
   694 | D:2      | Learned a level 2 spell: Wereblood
   698 | D:2      | Learned a level 3 spell: Spider Form
  1003 | D:2      | Reached skill level 4 in Poison Magic
  1187 | D:2      | Found a faded altar of an unknown god.
  1539 | D:3      | Reached skill level 1 in Ice Magic
  1539 | D:3      | Reached XP level 4. HP: 19/28 MP: 7/7
  1583 | D:3      | HP: 10/42 [gnoll/+0 halberd (7)]
  1584 | D:3      | HP: 2/42 [gnoll/+0 halberd (5)]
  1785 | D:3      | Reached skill level 2 in Ice Magic
  1881 | D:3      | Reached XP level 5. HP: 18/33 MP: 8/8
  1938 | D:3      | Found a basalt altar of Yredelemnul.
  1977 | D:3      | Reached skill level 3 in Ice Magic
  2430 | D:3      | Found a glowing golden altar of the Shining One.
  2435 | D:3      | Found a white marble altar of Elyvilon.
  2731 | D:4      | Noticed Eustachio
  2750 | D:4      | Killed Eustachio
  2751 | D:4      | Reached skill level 4 in Ice Magic
  2751 | D:4      | Reached XP level 6. HP: 28/38 MP: 6/10
  2893 | D:4      | Reached skill level 3 in Spellcasting
  2893 | D:4      | Reached skill level 3 in Transmutations
  2913 | D:4      | Learned a level 4 spell: Ice Form
  3080 | D:4      | Found a runed translucent door.
  3080 | D:4      | Noticed KennySheep's ghost (weakling NaDe)
  3104 | D:4      | Reached XP level 7. HP: 14/43 MP: 8/12
  3277 | D:4      | You fall into a shaft and drop 1 floor!
  3277 | D:5      | Entered Level 5 of the Dungeon
  3348 | D:5      | Reached skill level 4 in Transmutations
  3472 | D:5      | Reached skill level 4 in Spellcasting
  3518 | D:5      | Found a shimmering blue altar of Sif Muna.
  3799 | D:4      | Reached skill level 5 in Transmutations
  3799 | D:4      | Reached XP level 8. HP: 33/48 MP: 11/15
  4114 | D:5      | Noticed a shadow
  4120 | D:5      | Killed a shadow
  4121 | D:5      | Reached skill level 5 in Spellcasting
  4403 | D:5      | Reached skill level 6 in Transmutations
  4448 | D:5      | HP: 12/57 [gnoll sergeant/+1 trident of venom (11)]
  4455 | D:5      | HP: 14/57 [poisoned by a gnoll sergeant]
  5096 | D:6      | Noticed Crazy Yiuf
  5096 | D:6      | Found a runed translucent door.
  5099 | D:6      | Killed Crazy Yiuf
  5134 | D:6      | Identified the +8 hammer of a sewer {vorpal, rN+}
  5167 | D:6      | Reached skill level 6 in Spellcasting
  5262 | D:6      | Noticed Duvessa
  5271 | D:6      | Noticed Dowan
  5278 | D:6      | Killed Duvessa
  5286 | D:6      | Killed Dowan
  5294 | D:6      | HP: 14/57 [poisoned by Dowan]
  5565 | D:6      | Found Pear's Book Shop.
  5573 | D:6      | magus.rc [v1.9.6]
  5825 | D:6      | Noticed Edmund
  5834 | D:6      | HP: 13/57 [Edmund/+6 vorpal flail (9)]
  5835 | D:6      | Killed Edmund
  5836 | D:6      | Reached skill level 7 in Transmutations
  5836 | D:6      | Reached XP level 9. HP: 13/53 MP: 14/18
  6014 | D:6      | Noticed Prince Ribbit
  6026 | D:6      | Killed Prince Ribbit
  6479 | D:6      | Found a shadowy altar of Dithmenos.
  6525 | D:6      | Noticed Sigmund
  6538 | D:6      | Killed Sigmund
  6539 | D:6      | Reached skill level 7 in Spellcasting
  6951 | D:7      | Reached skill level 8 in Transmutations
  7296 | D:7      | Found Nyrraiju's Tremendous Tomes.
  7448 | D:7      | Noticed a hornet
  7463 | D:7      | Killed a hornet
  7464 | D:7      | Reached skill level 8 in Spellcasting
  7635 | D:7      | Reached skill level 9 in Transmutations
  7800 | D:7      | Identified the +1 whip "Ahicim" {protect, Stlth+}
  7910 | D:7      | Reached XP level 10. HP: 58/58 MP: 16/22
  7969 | D:7      | Found a staircase to the Ecumenical Temple.
  7975 | Temple   | Entered the Ecumenical Temple
  8300 | D:7      | Found a snail-covered altar of Cheibriados.
  8367 | D:7      | Found a bloodstained altar of Trog.
  8367 | D:7      | Found an iron altar of Okawaru.
  8398 | D:6      | Bought an Inescapable Atlas for 416 gold pieces
  8398 | D:6      | You add the spells Blink, Manifold Assault and Storm Form
                  | to your library.
  8497 | D:7      | HP: 17/69 [troll (11)]
  8499 | D:7      | Slain by a troll

Vanquished Creatures
  A hornet (D:7)
  Prince Ribbit (D:6)
  A shadow (D:5)
  Sigmund (D:6)
  Eustachio (D:4)
  A water moccasin (D:7)
  Edmund (D:6)
  Duvessa (D:6)
  An ice beast (D:7)
  2 sky beasts (D:7)
  2 ogres
  3 centaurs
  3 phantoms
  A gnoll sergeant (D:5)
  2 scorpions
  3 necrophages
  3 wights (D:7)
  Dowan (D:6)
  4 hounds
  A jelly (D:5)
  A gnoll bouda (D:7)
  2 orc priests (D:5)
  Crazy Yiuf (D:6)
  4 iguanas
  A scorpion zombie (D:3)
  A hound zombie (D:3)
  8 gnolls
  8 adders
  A shadow imp (D:6)
  A white imp (D:7)
  4 worms
  2 dart slugs
  15 orcs
  4 ball pythons
  5 endoplasms
  A giant cockroach (D:2)
  5 goblins
  4 hobgoblins
  7 kobolds
  A quokka (D:5)
  12 bats
  4 frilled lizards
  4 rats
130 creatures vanquished.

Table legend:
 A = Non-vault XP
 B = Vault XP
 C = Vault XP percentage of total XP
 D = Non-vault monster count
 E = Vault monster count
 F = Vault count percentage of total count
                 A         B        C        D         E       F
            +---------+---------+-------+---------+---------+-------
      Total |    2832 |    1878 |  39.9 |     106 |      24 |  18.5
            +---------+---------+-------+---------+---------+-------
        D:1 |      29 |       0 |   0.0 |      20 |       0 |   0.0
        D:2 |      48 |       0 |   0.0 |      13 |       0 |   0.0
        D:3 |      88 |      62 |  41.3 |      16 |       5 |  23.8
        D:4 |     379 |     254 |  40.1 |      15 |       4 |  21.1
        D:5 |     959 |       0 |   0.0 |      25 |       0 |   0.0
        D:6 |     279 |     896 |  76.3 |       6 |       6 |  50.0
        D:7 |    1050 |     666 |  38.8 |      11 |       9 |  45.0
            +---------+---------+-------+---------+---------+-------

Illustrated notes

Table legend:
 A = Kills in this place as a percentage of kills in entire the game.
 B = Kills by you in this place as a percentage of kills by you in the entire game.
 C = Kills by friends in this place as a percentage of kills by friends in the entire game.
 D = Other kills in this place as a percentage of other kills in the entire game.
 E = Experience gained in this place as a percentage of experience gained in the entire game.
 F = Experience gained in this place divided by the number of levels of this place that you have seen.
                   A       B       C       D       E      F
               +-------+-------+-------+-------+-------+----------------------
         Total | 100.0 | 100.0 |   N/A |   N/A | 100.0 | 523.3
       Dungeon | 100.0 | 100.0 |   N/A |   N/A | 100.0 | 588.8
               +-------+-------+-------+-------+-------+----------------------

Table legend: (Time is in decaauts)
 A = Elapsed time spent in this place.
 B = Non-inter-level travel time spent in this place.
 C = Inter-level travel time spent in this place.
 D = Time resting spent in this place.
 E = Time spent auto-exploring this place.
 F = Levels seen in this place.
 G = Mean time per level.
                   A        B        C        D        E       F      G
               +--------+--------+--------+--------+--------+-----+--------+
         Total |   8474 |   8271 |    203 |    423 |   6554 |   9 |  941.6 |
       Dungeon |   8320 |   8127 |    193 |    423 |   6421 |   8 | 1040.0 |
        Temple |    153 |    143 |     10 |      0 |    133 |   1 |  153.0 |
               +--------+--------+--------+--------+--------+-----+--------+

Top non-repeatable levels by time:
     D:6: 1755 daAuts
     D:7: 1484 daAuts
     D:5: 1403 daAuts
     D:4: 1135 daAuts
     D:3: 1033 daAuts
     D:2: 839 daAuts
     D:1: 668 daAuts
  Temple: 153 daAuts
     D:8: 1 daAuts
